 Dungeon Crawl Stone Soup version 0.28.0-49-g6dfe1f597d (webtiles) character file.

Game seed: 11462893860273721479

386 Zeld the Insei (level 6, -3/42 HPs)
             Began as an Octopode Transmuter on May 11, 2022.
             Slain by an iguana (9 damage)
             ... on level 4 of the Dungeon.
             The game lasted 00:06:21 (3850 turns).

Zeld the Insei (Octopode Transmuter)                Turns: 3850, Time: 00:06:21

Health: -3/42      AC:  2    Str: 12    XL:     6   Next: 78%
Magic:  5/10       EV: 20    Int: 15    God:
Gold:   3          SH:  0    Dex: 17    Spells: 5/11 levels left

rFire   . . .      SeeInvis .     - Unarmed
rCold   + . .      Faith    .   (shield currently unavailable)
rNeg    . . .      Spirit   .   (helmet currently unavailable)
rPois   x          Reflect  .   (no amulet)
rElec   .          Harm     .   b - ring of protection from cold
rCorr   .          Rampage  .   (no ring)
Will    .....                   (no ring)
Stlth   ++........              (no ring)
HPRegen 0.14/turn               (no ring)
MPRegen 0.12/turn               (no ring)
                                (no ring)
                                (no ring)

@: spider-form
A: venomous fangs, almost no armour, (amphibious), 8 rings, tiny, (camouflage
1), (gelatinous body 1), (nimble swimmer 1), (tentacles)
a: End Transformation


You were on level 4 of the Dungeon.
You were a venomous arachnid creature.
You visited 1 branch of the dungeon, and saw 4 of its levels.

You collected 88 gold pieces.
You spent 85 gold pieces at shops.

Inventory:

Jewellery
 b - a ring of protection from cold (left front leg)
Wands
 h - a wand of polymorph (7)
Scrolls
 a - a scroll of blinking {unknown}
 d - 2 scrolls of teleportation {unknown}
 g - a scroll of fog {unknown}
 j - a scroll of enchant weapon {unknown}
Potions
 c - 3 potions of haste {unknown}
 e - a potion of flight {unknown}
 f - 2 potions of heal wounds {unknown}
 i - 4 potions of curing {unknown}


   Skills:
 * Level 3.0 Fighting
 + Level 2.8 Dodging
 + Level 2.3 Stealth
 + Level 3.4 Unarmed Combat
 * Level 3.3 Spellcasting
 * Level 3.3 Transmutations
 + Level 1.6 Ice Magic
 - Level 2.0 Poison Magic


You had 5 spell levels left.
You knew the following spells:

 Your Spells              Type           Power      Damage    Failure   Level
a - Beastly Appendage     Tmut           24%        N/A       14%         1
b - Wereblood             Tmut           12%        N/A       21%         2
c - Spider Form           Tmut/Pois      10%        N/A       38%         3

Your spell library contained the following spells:

 Spells                   Type           Power      Damage    Failure   Level
 Ice Form                 Ice/Tmut       10%        N/A       77%         4


Dungeon Overview and Level Annotations

Branches:
Dungeon (4/15)
 Temple: D:4-7

Altars:
Nemelex Xobeh

Shops:
D:4 *


Innate Abilities, Weirdness & Mutations

You are a venomous arachnid creature.
You have poisonous fangs.
You are tiny and dextrous.
Your spellcasting is less reliable in this form.
Your armour is entirely melded.
You are incapable of wielding weapons or throwing items.
You cannot wear most types of armour.
((You are amphibious.))
You can wear up to eight rings at the same time.
((Your skin changes colour to match your surroundings (Stealth+).))
((Your rubbery body absorbs attacks. (AC +1, EV +1)))
((You are camouflaged when in or above water. (Stealth+)))
((You have tentacles for arms and can constrict up to eight enemies at once.))


Message History

i - 4 bubbling orange potions (gained 1) Thank you for shopping at Yrhush's Assorted Antiques!
You can access your shopping list by pressing '$'.
An iguana is nearby!
An iguana is nearby!
You can access your shopping list by pressing '$'.
Casting: Beastly Appendage (safe; 4% risk of failure)
Confirm with . or Enter, or press ? or * to list all spells.
The spell is quite dangerous to miscast (19% risk of failure)!
Continue anyway?
You miscast Spider Form.
You are very lightly contaminated with residual magic.
Nothing appears to happen.
Casting: Spider Form (quite dangerous; 19% risk of failure)
Confirm with . or Enter, or press ? or * to list all spells.
The spell is quite dangerous to miscast (19% risk of failure)!
Continue anyway?
You turn into a venomous arachnid creature.
The iguana bites you but does no damage.
You hit the iguana.
The iguana is poisoned.
The iguana is lightly wounded.
The iguana bites you!
You hit the iguana.
The iguana looks as sick as possible!
The iguana is moderately wounded.
The iguana bites you!
You hit the iguana but do no damage.
The iguana is moderately wounded.
The iguana bites you!
* * * LOW HITPOINT WARNING * * *
You hit the iguana.
The iguana looks as sick as possible!
The iguana is heavily wounded.
The iguana misses you.
You are too injured to fight recklessly!
You hit the iguana but do no damage.
The iguana looks as sick as possible!
The iguana is severely wounded.
The iguana barely misses you.
Your magical contamination has completely faded away.
You are too injured to fight recklessly!
You hit the iguana but do no damage.
The iguana looks as sick as possible!
The iguana is severely wounded.
The iguana bites you!
You die...

#################.....#
......................#
#.<.....#......<....#
#.÷.......#####.....#
###.......#######.....#
..........# #.........#
###.......# #.∩..######
#.......# #....#
#.......# #...s#
#....<..# #....l......
#.......# #......[....
..#..#####...##.......
.# ... ...#(# .......
....#.# ....>.. ...##.
#.#.### .. .#.#


You could see an iguana (extremely poisoned).

Vanquished Creatures
  A black bear (D:4)
  An ogre (D:2)
  A bullfrog (D:3)
  Ijyb (D:3)
  Robin (D:3)
  3 adders
  2 worms
  A dart slug (D:2)
  2 orcs (D:3)
  8 bats
  5 endoplasms
  3 giant cockroaches
  10 goblins
  10 hobgoblins
  2 quokkas
  5 ball pythons
  8 frilled lizards
  11 kobolds
  A rat (D:3)
76 creatures vanquished.

Vanquished Creatures (others)
  14 plants (D:3)
14 creatures vanquished.

Grand Total: 90 creatures vanquished

Notes
Turn   | Place    | Note
-------+----------+-------------------------------------------
     0 | D:1      | Zeld the Octopode Transmuter began the quest for the Orb.
     0 | D:1      | Reached XP level 1. HP: 13/13 MP: 3/3
   175 | D:1      | Reached XP level 2. HP: 11/18 MP: 3/5
   842 | D:1      | Reached XP level 3. HP: 15/23 MP: 3/6
   845 | D:1      | Learned a level 2 spell: Wereblood
   849 | D:1      | Learned a level 3 spell: Spider Form
  1717 | D:2      | Noticed an ogre
  1768 | D:2      | Killed an ogre
  1769 | D:2      | Reached skill level 1 in Stealth
  1769 | D:2      | Reached skill level 1 in Ice Magic
  1769 | D:2      | Reached skill level 1 in Poison Magic
  1769 | D:2      | Reached XP level 4. HP: 29/29 MP: 3/8
  1769 | D:2      | Reached XP level 5. HP: 34/34 MP: 3/9
  2532 | D:3      | Noticed Robin
  2565 | D:3      | Killed Robin
  2733 | D:3      | Noticed Ijyb
  2747 | D:3      | Killed Ijyb
  2958 | D:3      | Found a sparkling altar of Nemelex Xobeh.
  3127 | D:3      | Reached XP level 6. HP: 35/41 MP: 8/10
  3511 | D:4      | Noticed a black bear
  3518 | D:4      | Killed a black bear
  3835 | D:4      | Found Yrhush's Assorted Antiques.
  3840 | D:4      | Bought 2 amethyst potions for 57 gold pieces
  3840 | D:4      | Bought a bubbling orange potion for 28 gold pieces
  3850 | D:4      | Slain by an iguana

Illustrated notes

Levels and vault maps discovered:
D:1:      heliophobic_arrival_henge, layout_basic, st_stairs_10
D:2:      layout_basic
D:3:      layout_basic, nemelex_spade_bored_becter, amethyst_killhole,
          lexackson_kobold_supper, uniq_ijyb, uniq_robin
D:4:      minmay_inner_zag, layout_rooms, dancing_weapons_uskayaw, led_sif_pool,
          minmay_temple_entry_waves, serial_shops, shop

Skill      XL: |  1  2  3  4  5  6 |
---------------+-------------------+-----
Fighting       | 2 3 |  3.0
Stealth        | 1 2 |  2.3
Ice Magic      | 1 |  1.6
Poison Magic   | 1 2 |  2.0
Spellcasting   | 3 |  3.3
Transmutations | 3 |  3.3
Dodging        | |  2.8
Unarmed Combat | |  3.4

Action                   |  1- 3 |  4- 6 || total
-------------------------+-------+-------++-------
Melee: Unarmed           |    66 |    99 ||   165
       Constrict         |    18 |    27 ||    45
       Tentacles         |     8 |    20 ||    28
       Kick              |    14 |    29 ||    43
       Punch             |     1 |     1 ||     2
 Cast: Beastly Appendage |    21 |    22 ||    43
       Spider Form       |     1 |     3 ||     4
       Wereblood         |       |     2 ||     2
 Stab: Sleeping          |     4 |     9 ||    13
Armor: Skin              |     9 |    10 ||    19
Dodge: Dodged            |    46 |    50 ||    96
